 Dungeon Crawl Stone Soup version 0.26.1-11-gd32895ea62 (webtiles) character file.

Game seed: 16201884493249969706

18552 Almogavar the Fencer (level 12, -14/165 HPs)
             Began as a Minotaur Berserker on Apr 30, 2021.
             Was a High Priest of Trog.
             Demolished by a skeletal warrior
             ... wielding a +0 halberd
             ... led by a skeletal warrior
              (20 damage)
             ... on level 11 of the Dungeon.
             The game lasted 00:45:50 (14573 turns).

Almogavar the Fencer (Minotaur Berserker)          Turns: 14573, Time: 00:45:51

Health: -14/165    AC: 18    Str: 27    XL:     12   Next: 28%
Magic:  11/11      EV:  8    Int:  4    God:    Trog [*****.]
Gold:   992        SH:  8    Dex: 10    Spells: 11/11 levels left

rFire    + . .     SeeInvis +   o - +5 falchion (flame)
rCold    . . .     Faith    .   d - +0 kite shield
rNeg     . . .     Spirit   .   a - +2 chain mail {rPois}
rPois    +         Reflect  .   (helmet restricted)
rElec    .         Harm     .   r - +0 cloak
rCorr    .         Rampage  .   w - +0 pair of gloves
Will     .....                  S - +0 pair of boots
Stlth    ..........             b - amulet of the acrobat
HPRegen  0.37/turn              G - ring of see invisible
MPRegen  0.12/turn              k - ring of protection from fire

@: berserking, very quick
A: retaliatory headbutt, horns 2
a: Renounce Religion, Berserk, Trog's Hand, Brothers in Arms


You were on level 11 of the Dungeon.
You worshipped Trog.
Trog was extremely pleased with you.
You visited 1 branch of the dungeon, and saw 11 of its levels.
You also visited: Ossuary.

You collected 992 gold pieces.

Inventory:

Hand Weapons
 o - a +5 falchion of flaming (weapon)
 B - the +3 spear "Unep" {flame, rC+ Will++}
   (You found it on level 6 of the Dungeon)

   It has been specially enchanted to burn those struck by it, causing extra
   injury to most foes and up to half again as much damage against particularly
   susceptible opponents.
   It protects you from cold.
   It affects your willpower, your defense against some magical effects.
 F - a +3 antimagic double sword
 K - a +4 antimagic great sword
 L - the +10 hand crossbow "Kenaosao" {elec, Will- Int+6 Stlth-, unknown}
   (You found it on level 9 of the Dungeon)

   It charges the ammunition it shoots with electricity; occasionally upon a
   hit, such missiles may discharge and cause terrible harm.
   It affects your intelligence (+6).
   It affects your willpower, your defense against some magical effects.
   It makes you less stealthy.
 N - a +4 morningstar of protection
Missiles
 e - 39 poisoned darts (quivered)
 s - 19 boomerangs
 E - 4 boomerangs of dispersal
 O - 16 bolts
Armour
 a - a +2 chain mail of poison resistance (worn)
 d - a +0 kite shield (worn)
 r - a +0 cloak (worn)
 v - a +2 scale mail of fire resistance
 w - a +0 pair of gloves (worn)
 S - a +0 pair of boots (worn)
Jewellery
 b - an amulet of the acrobat (around neck)
 k - a ring of protection from fire (right hand)
 t - an uncursed ring of fire
 z - an uncursed ring of resist corrosion
 G - a ring of see invisible (left hand)
Wands
 u - a wand of iceblast (8)
 y - a wand of paralysis (9)
 A - a wand of enslavement (14)
 M - a wand of acid (13)
Scrolls
 i - a scroll of enchant weapon
 l - a scroll of magic mapping
 m - 7 scrolls of remove curse
 p - 2 scrolls of enchant armour {unknown}
 q - 3 scrolls of fear {unknown}
 I - 2 scrolls of amnesia {unknown}
 J - a scroll of teleportation
Potions
 c - 4 potions of heal wounds
 f - a potion of invisibility
 g - 4 potions of lignification
 h - 3 potions of haste
 j - 8 potions of curing
 n - 4 potions of ambrosia
 x - 3 potions of might
 C - a potion of brilliance {unknown}
 D - 3 potions of resistance {unknown}
 H - 2 potions of mutation {unknown}
 Q - a potion of cancellation {unknown}


   Skills:
 + Level 11.0 Fighting
 - Level 15.5 Long Blades
 + Level 6.9 Throwing
 + Level 10.9 Armour
 + Level 6.5 Dodging


You had 11 spell levels left.
You didn't know any spells.
Your spell library was empty.

Dungeon Overview and Level Annotations

Branches:
Dungeon (11/15)            Temple (0/1) D:7             Orc (0/2) D:11
Ossuary (visited)
   Lair: D:8-11

Altars:
Ashenzari
Cheibriados
Dithmenos
Elyvilon
Fedhas
Hepliaklqana
Nemelex Xobeh
Okawaru
Qazlal
Trog
Vehumet

Portals:
Trove: D:10 (give 7 scrolls of fog)

Annotations:
D:8 exclusion: statue


Innate Abilities, Weirdness & Mutations

You reflexively headbutt those who attack you in melee.
You have a pair of horns on your head.


Message History

The skeletal warrior hits you with a +0 halberd!
* * * LOW HITPOINT WARNING * * *
You closely miss the skeletal warrior.
The skeletal warrior is almost destroyed.
You hit the skeletal warrior but do no damage.
Your headbutt misses the skeletal warrior.
The skeletal warrior is almost destroyed.
The skeletal warrior hits you with a +0 halberd!
* * * LOW HITPOINT WARNING * * *
You hit the skeletal warrior but do no damage.
Your headbutt misses the skeletal warrior.
The skeletal warrior is severely damaged.
You hit the skeletal warrior but do no damage.
The skeletal warrior is severely damaged.
The skeletal warrior hits you with a +0 halberd!
* * * LOW HITPOINT WARNING * * *
A red film seems to cover your vision as you go berserk!
You feel yourself moving faster!
You feel mighty!
The skeletal warrior hits you with a +0 halberd!!
You die...

###. ... ... #.# #.
##.# . . # #... .#.
..##### #..# ...
#...... #..# #<# ######
#z.# #.# # #.@# #.# ###
# #..###.######.## #
##......).....#.####
#................†..
...........#)####.#####
......######.# #.# #
#####. #.# #.# # #. #.#
#.##### #. #.####......


You could see a skeletal warrior.

Vanquished Creatures
  A rakshasa (D:8)
  Harold (D:7)
  2 boulder beetles
  3 two-headed ogres
  4 skeletal warriors
  An unseen horror (D:9)
  A wizard (D:9)
  Joseph (D:7)
  A gargoyle (D:9)
  Maggie (D:9)
  2 trolls
  Grinder (D:6)
  Sigmund (D:3)
  A wraith (D:9)
  8 yaks
  2 wyverns
  A vampire mosquito (D:9)
  A steam dragon (D:9)
  Menkaure (D:6)
  4 wargs (D:11)
  A water moccasin (D:9)
  4 orc warriors
  A sky beast (D:11)
  5 ice beasts
  2 eyes of draining (D:10)
  3 phantoms
  11 ogres
  A necrophage (D:9)
  4 centaurs
  3 elf zombies (Ossuary)
  5 bullfrogs
  6 scorpions
  9 killer bees
  12 wights
  2 howler monkeys
  3 bullfrog zombies
  3 centaur zombies
  5 jellies
  10 hounds
  Crazy Yiuf (D:2)
  5 orc priests
  A bullfrog skeleton (D:9)
  A centaur skeleton (D:4)
  8 orc wizards
  Ijyb (D:3)
  An iguana (D:7)
  11 worker ants
  2 big kobold zombies (Ossuary)
  3 hound skeletons
  2 mummies (Ossuary)
  A worker ant zombie (D:9)
  11 gnolls
  A howler monkey skeleton (D:7)
  21 adders
  8 shadow imps
  10 white imps
  An ufetubus (D:9)
  An ooze (D:3)
  3 adder zombies
  7 worms
  3 dart slugs
  5 leopard geckos
  45 orcs
  A ball python (D:3)
  7 giant cockroaches
  7 goblins
  4 hobgoblins
  7 jackals
  8 quokkas
  14 bats
  5 frilled lizards
  A goblin zombie (Ossuary)
  6 hobgoblin zombies (Ossuary)
  2 jackal zombies (Ossuary)
  7 kobolds
  10 kobold zombies (Ossuary)
  2 leopard gecko skeletons
  9 orc zombies (Ossuary)
  A quokka zombie (D:6)
  9 rats
  2 rat zombies (Ossuary)
383 creatures vanquished.

Vanquished Creatures (others)
  A plant (D:6)
  4 toadstools (D:1)
5 creatures vanquished.

Grand Total: 388 creatures vanquished

Notes
Turn   | Place    | Note
-------+----------+-------------------------------------------
     0 | D:1      | Almogavar the Minotaur Berserker began the quest for the
                  | Orb.
     0 | D:1      | Reached XP level 1. HP: 19/19 MP: 0/0
   432 | D:1      | Reached skill level 4 in Long Blades
   436 | D:1      | Reached XP level 2. HP: 27/27 MP: 1/1
   888 | D:2      | Reached XP level 3. HP: 28/33 MP: 2/2
  1184 | D:2      | Reached ** piety under Trog
  1579 | D:2      | Found a runed translucent door.
  1580 | D:2      | Noticed Crazy Yiuf
  1761 | D:2      | Found an iron altar of Okawaru.
  1807 | D:2      | Reached XP level 4. HP: 41/41 MP: 3/3
  1827 | D:2      | Reached skill level 5 in Long Blades
  2098 | D:2      | Found a stormy altar of Qazlal.
  2272 | D:2      | Killed Crazy Yiuf
  2273 | D:2      | Reached XP level 5. HP: 31/47 MP: 4/4
  2562 | D:3      | Found a snail-covered altar of Cheibriados.
  2704 | D:3      | Reached skill level 5 in Fighting
  2704 | D:3      | Reached skill level 6 in Long Blades
  2766 | D:3      | Found a sparkling altar of Nemelex Xobeh.
  2825 | D:3      | Noticed Sigmund
  2864 | D:3      | Killed Sigmund
  2865 | D:3      | Reached XP level 6. HP: 19/56 MP: 5/5
  3116 | D:3      | Noticed Ijyb
  3125 | D:3      | Killed Ijyb
  3137 | D:3      | Reached *** piety under Trog
  3160 | D:3      | Reached skill level 7 in Long Blades
  3668 | D:3      | Reached XP level 7. HP: 53/61 MP: 6/6
  3981 | D:4      | Found a sand-covered staircase.
  3986 | Ossuary  | Entered an ossuary
  4139 | Ossuary  | Reached **** piety under Trog
  4262 | Ossuary  | Reached skill level 5 in Armour
  4699 | D:4      | Reached skill level 8 in Long Blades
  5071 | D:4      | Reached XP level 8. HP: 70/70 MP: 7/7
  5089 | D:4      | Reached skill level 1 in Throwing
  5374 | D:5      | Entered Level 5 of the Dungeon
  5417 | D:5      | Reached skill level 9 in Long Blades
  6060 | D:5      | Found a broken altar of Ashenzari.
  6355 | D:5      | Found a white marble altar of Elyvilon.
  6357 | D:5      | Found a snail-covered altar of Cheibriados.
  6427 | D:6      | Reached ***** piety under Trog
  6467 | D:6      | Noticed Menkaure
  6477 | D:6      | Killed Menkaure
  6478 | D:6      | Reached skill level 10 in Long Blades
  6478 | D:6      | Reached XP level 9. HP: 32/79 MP: 8/8
  6804 | D:6      | Noticed Grinder
  6812 | D:6      | Paralysed by Grinder for 4 turns
  6819 | D:6      | Killed Grinder
  7189 | D:6      | Found a blossoming altar of Fedhas.
  7457 | D:6      | Got an iridescent spear
  7458 | D:6      | Identified the cursed +3 spear "Unep" {flame, rC+ Will++}
                  | (You found it on level 6 of the Dungeon)
  7582 | D:6      | Noticed a troll
  7604 | D:6      | Killed a troll
  7605 | D:6      | Reached skill level 5 in Dodging
  7940 | D:7      | Reached skill level 5 in Throwing
  8288 | D:7      | Received a gift from Trog
  8306 | D:7      | Noticed Joseph
  8321 | D:7      | Killed Joseph
  8550 | D:7      | Noticed Harold
  8568 | D:7      | Killed Harold
  8569 | D:7      | Reached skill level 11 in Long Blades
  8569 | D:7      | Reached XP level 10. HP: 78/89 MP: 3/9
  8903 | D:7      | Found a staircase to the Ecumenical Temple.
  9183 | D:7      | Found a bloodstained altar of Trog.
  9924 | D:8      | Found a radiant altar of Vehumet.
 10085 | D:8      | Reached skill level 12 in Long Blades
 10088 | D:8      | Found a shadowy altar of Dithmenos.
 10089 | D:8      | Found a hazy altar of Hepliaklqana.
 10382 | D:8      | Noticed a two-headed ogre
 10390 | D:8      | Killed a two-headed ogre
 10741 | D:9      | Reached ****** piety under Trog
 10908 | D:9      | Reached skill level 13 in Long Blades
 11230 | D:9      | Found a white marble altar of Elyvilon.
 11235 | D:9      | Noticed an unseen horror
 11237 | D:9      | Noticed Maggie
 11239 | D:9      | Killed an unseen horror
 11240 | D:9      | Reached XP level 11. HP: 97/97 MP: 3/10
 11240 | D:9      | Noticed a rakshasa
 11243 | D:9      | Noticed a boulder beetle
 11252 | D:9      | Killed Maggie
 11604 | D:8      | Killed a rakshasa
 11641 | D:9      | HP: 3/97 [boulder beetle (23)]
 11648 | D:9      | Killed a boulder beetle
 11649 | D:9      | Reached skill level 10 in Armour
 12132 | D:9      | Received a gift from Trog
 12193 | D:9      | Noticed a wizard
 12205 | D:9      | Killed a wizard
 12283 | D:9      | Got an ichor-stained hand crossbow
 12494 | D:9      | Reached skill level 14 in Long Blades
 12837 | D:9      | Noticed a two-headed ogre
 12843 | D:9      | Killed a two-headed ogre
 12844 | D:9      | Reached skill level 10 in Fighting
 13063 | D:10     | Entered Level 10 of the Dungeon
 13246 | D:10     | Found a portal to a secret trove of treasure.
 13571 | D:10     | Noticed a two-headed ogre
 13577 | D:10     | Killed a two-headed ogre
 13831 | D:11     | Reached XP level 12. HP: 64/108 MP: 3/11
 13988 | D:11     | Found a staircase to the Orcish Mines.
 14005 | D:11     | Noticed a boulder beetle
 14014 | D:11     | Killed a boulder beetle
 14015 | D:11     | Reached skill level 15 in Long Blades
 14168 | D:11     | Received a gift from Trog
 14572 | D:11     | HP: 3/110 [skeletal warrior/+0 halberd[a skeletal warrior]
                  | (17)]
 14573 | D:11     | Demolished by a skeletal warrior

Illustrated notes

Levels and vault maps discovered:
D:1:      ldierk_walled_garden_2, layout_basic
D:2:      layout_basic, lemuel_coloured_pillars_altar,
          nicolae_overflow_crystal_walls, grunt_decor_arrowhead,
          minmay_fractal_squares_5, uniq_crazy_yiuf_cottage
D:3:      cheibrodos_pilgrimage, layout_loops_ring,
          nemelex_xobeh_ov_fountains_minmay, kennysheep_slug_shrine,
          uniq_sigmund, uniq_ijyb
D:4:      minmay_octagon_keep, layout_rooms,
          lightli_ossuary_entry_decrepit_ruins, serial_glass, glass_columns_a,
          glass_columns_c, item_on_display_a, item_on_display_a,
          due_unseen_surprise, minmay_strange_pillars, kennysheep_donut,
          serial_park_tiny_2, minmay_puff
D:5:      layout_cave_pools, nicolae_overflow_hidden_temple, st_stairs_5,
          kennysheep_generic_room_10
D:6:      minmay_cornered_nines, layout_cave_pools, fedhas_ov_isle_minmay,
          uniq_grinder, uniq_menkaure
D:7:      layout_basic, lightli_temple_of_fire,
          minmay_temple_entry_statues_pillars, uniq_joseph, uniq_harold
D:8:      layout_loops_cross, riverfiend_overflow_shadow_ancestor,
          vehumet_statue
D:9:      hangedman_cross_cluster, layout_stronghold, uniq_maggie
D:10:     layout_cave_pools, nicolae_trove_entry_isolated
D:11:     layout_loops_ring, erik_lair_dragon, minmay_orc_entry_guard_dogs

Skill      XL: |  1  2  3  4  5  6  7  8  9 10 11 12 |
---------------+-------------------------------------+-----
Long Blades    | 4 5 6 7 8 10 11 13 14 15 | 15.5
Fighting       | 4 5 6 7 8 9 10 11 | 11.0
Armour         | 3 4 5 7 8 9 10 | 10.9
Dodging        | 3 4 5 6 |  6.5
Throwing       | 2 5 6 |  6.9

Action                   |  1- 3 |  4- 6 |  7- 9 | 10-12 || total
-------------------------+-------+-------+-------+-------++-------
Melee: Falchion          |    55 |   150 |   415 |    22 ||   642
       Headbutt          |     8 |    25 |    99 |    81 ||   213
       Double sword      |       |       |    21 |   197 ||   218
       Great sword       |       |       |       |   153 ||   153
Throw: Dart              |       |     6 |    59 |    48 ||   113
       Boomerang         |       |       |    23 |       ||    23
Invok: Berserk           |       |     4 |     7 |     7 ||    18
       Trog's Hand       |       |     1 |       |     1 ||     2
  Use: Scroll            |     2 |       |    10 |     7 ||    19
       Potion            |       |     1 |       |     2 ||     3
Armor: Animal skin       |     4 |       |       |       ||     4
       Scale mail        |     1 |    71 |   147 |    50 ||   269
       Chain mail        |       |       |       |   111 ||   111
Dodge: Dodged            |    38 |    97 |   196 |   250 ||   581
Block: Kite shield       |       |       |       |     2 ||     2
       Rpst.: Falchion   |    12 |    24 |    55 |     1 ||    92
       Double sword      |       |       |     3 |    35 ||    38
       Great sword       |       |       |       |    33 ||    33
